 Dungeon Crawl Stone Soup version 0.24-a0-22-g2a401c0 (console) character file.

Game seed: 8892001775892481331

253 Voker57 the Slasher (level 5, 0/61 HPs)
             Began as a Demonspawn Gladiator on Feb 1, 2019.
             Slain by Natasha (5 damage)
             ... on level 3 of the Dungeon.
             The game lasted 00:04:57 (2687 turns).

Voker57 the Slasher (Demonspawn Gladiator)          Turns: 2687, Time: 00:04:57

Health: 0/61       AC:  6    Str: 20    XL:     5   Next: 90%
Magic:  5/5        EV: 14    Int:  9    God:
Gold:   139        SH:  0    Dex: 15    Spells: 4/4 levels left

rFire    . . .     SeeInvis .   a - +1 long sword
rCold    . . .     Gourm    .   (no shield)
rNeg     . . .     Faith    .   b - +0 leather armour
rPois    .         Spirit   .   c - +0 helmet
rElec    .         Reflect  .   (no cloak)
rCorr    .         Harm     .   (no gloves)
MR       .....                  (no boots)
Stlth    ..........             (no amulet)
HPRegen  0.20/turn              (no ring)
MPRegen  0.09/turn              (no ring)

@: berserking, very quick
A: hooves 1, iridescent scales 1, powered by death 1
a: no special abilities


You were on level 3 of the Dungeon.
You were not hungry.

You visited 1 branch of the dungeon, and saw 3 of its levels.

You collected 139 gold pieces.

Inventory:

Hand Weapons
 a - a +1 long sword (weapon)
Armour
 b - a +0 leather armour (worn)
 c - a +0 helmet (worn)
Magical Staves
 s - an uncursed staff of poison
Jewellery
 u - an uncursed amulet of the gourmand
Scrolls
 h - 2 scrolls of magic mapping
Potions
 d - a potion of resistance
 e - a potion of berserk rage
 i - 3 potions of heal wounds {unknown}
 j - a potion of brilliance {unknown}
 o - a potion of agility {unknown}
 p - 2 potions of cancellation {unknown}
 q - 2 potions of curing {unknown}
Comestibles
 f - 6 rations


   Skills:
 + Level 3.5 Fighting
 * Level 4.7 Long Blades
 - Level 1.7 Throwing
 + Level 3.8 Dodging


You had 4 spell levels left.
You didn't know any spells.
Your spell library was empty.

Dungeon Overview and Level Annotations

Branches:
Dungeon (3/15)

Altars:
Trog

Annotations:
D:3 Natasha


Innate Abilities, Weirdness & Mutations

You have large cloven feet.
You are partially covered in iridescent scales. (AC +2)
You regenerate a little health from kills.


Message History

Natasha, Servant of Life and Death comes into view.
Natasha hisses angrily.
Natasha casts a spell at you. The magic dart hits you.
* * * LOW HITPOINT WARNING * * *
Natasha mewls in sadness.
Natasha claws you!
* * * LOW HITPOINT WARNING * * *
You hit Natasha.
Natasha is lightly wounded.
Natasha barely misses you.
You riposte.
You miss Natasha. You kick Natasha.
Natasha is moderately wounded.
It was a potion of berserk rage.
A red film seems to cover your vision as you go berserk!
You feel yourself moving faster!
You feel mighty!
Natasha mumbles some strange words.
You closely miss Natasha. Your kick misses Natasha.
Natasha is moderately wounded.
Natasha claws you.
You die...

#.# #........####.#.......#..##
##.# #.............#..........<.
...####.........###.........##...
.............##.....#.......#....
.....÷............###...)...#.#..
....÷).........................†.
.....)........5#.####.......#....
...............#.###..#..)##.....
........^......h..#..####........
...[..........##@...######....#..
.............###....#....#....#..
#.............##.............####
#.####.#.####....##.#........#
.......#.# #..####.#.)......#
.##..#########...............#
.###..###.).###.###.#...(#...#
.###.##......)##)...####.#####
....##.).._...)####.# #.#
.#####.........## #.# #.#


You could see Natasha and a white imp.

Vanquished Creatures
  An orc wizard (D:3)
  3 orc priests (D:3)
  Natasha (D:3)
  4 gnolls (D:2)
  2 adders (D:2)
  2 worms
  A dart slug (D:3)
  2 leopard geckos
  6 orcs (D:3)
  3 bats
  A giant cockroach (D:3)
  4 goblins
  6 hobgoblins
  3 kobolds (D:1)
  3 frilled lizards
  5 rats
47 creatures vanquished.

Notes
Turn   | Place    | Note
-------+----------+-------------------------------------------
     0 | D:1      | Voker57 the Demonspawn Gladiator began the quest for the
                  | Orb.
     0 | D:1      | Reached XP level 1. HP: 16/16 MP: 1/1
   825 | D:2      | Reached skill level 3 in Long Blades
   825 | D:2      | Gained mutation: You regenerate a little health from kills.
                  | [demonic ancestry]
   825 | D:2      | Reached XP level 2. HP: 18/22 MP: 2/2
  1044 | D:2      | Gained mutation: You are partially covered in iridescent
                  | scales. (AC +2) [demonic ancestry]
  1044 | D:2      | Reached XP level 3. HP: 11/28 MP: 3/3
  1643 | D:2      | Gained mutation: You have large cloven feet. [demonic
                  | ancestry]
  1643 | D:2      | Reached XP level 4. HP: 34/34 MP: 4/4
  2169 | D:3      | Reached skill level 4 in Long Blades
  2172 | D:3      | Reached XP level 5. HP: 25/41 MP: 5/5
  2528 | D:3      | Noticed Natasha
  2535 | D:3      | Killed Natasha
  2588 | D:3      | Noticed a moth of wrath
  2591 | D:3      | Found a bloodstained altar of Trog.
  2680 | D:3      | Noticed Natasha
  2687 | D:3      | Slain by Natasha

Vault maps used:
D:1:      nzn_arrival_settlement
D:2:      first_ration
D:3:      tgw_trog, uniq_natasha

Skill      XL: |  1  2  3  4 |
---------------+-------------+-----
Long Blades    | 3 4 |  4.7
Dodging        | 3 |  3.8
Fighting       | 3 |  3.5
Throwing       | |  1.7

Action                   |  1- 3 |  4- 6 || total
-------------------------+-------+-------++-------
Melee: Long sword        |    65 |   104 ||   169
       Kick              |       |    36 ||    36
Throw: Throwing net      |     4 |       ||     4
  Use: Scroll            |       |     9 ||     9
       Potion            |       |     1 ||     1
 Stab: Held in net/web   |     2 |       ||     2
  Eat: Chunk             |     1 |     5 ||     6
Armor: Leather armour    |    19 |    25 ||    44
Dodge: Dodged            |    37 |    99 ||   136
       Rpst.: Long sword |     5 |    32 ||    37

Table legend:
 A = Non-vault XP
 B = Vault XP
 C = Vault XP percentage of total XP
 D = Non-vault monster count
 E = Vault monster count
 F = Vault count percentage of total count
                 A         B        C        D         E       F
            +---------+---------+-------+---------+---------+-------
      Total |     319 |      43 |  11.9 |      42 |       5 |  10.6
            +---------+---------+-------+---------+---------+-------
        D:1 |      10 |       0 |   0.0 |       6 |       0 |   0.0
        D:2 |     106 |       0 |   0.0 |      17 |       0 |   0.0
        D:3 |     203 |      43 |  17.5 |      19 |       5 |  20.8
            +---------+---------+-------+---------+---------+-------
